 Dungeon Crawl Stone Soup version 0.29.0-4-gdea44cf6ec (webtiles) character file.

Game seed: 13518100996147635575

238 qw the Chopper (level 6, -16/35 HPs)
             Began as a Tengu Warper on Aug 28, 2022.
             Demolished by an ogre
             ... wielding a +0 giant club
              (27 damage)
             ... on level 4 of the Dungeon.
             The game lasted 00:00:21 (3374 turns).

qw the Chopper (Tengu Warper)                       Turns: 3374, Time: 00:00:22

Health: -16/35     AC: 13    Str: 14    XL:     6   Next: 7%
Magic:  10/10      EV:  8    Int: 13    God:
Gold:   253        SH:  0    Dex: 13    Spells: 9/9 levels left

rFire   . . .      SeeInvis .   Y - +0 hand axe
rCold   . . .      Faith    .   (no shield)
rNeg    . . .      Spirit   .   k - +0 chain mail
rPois   .          Reflect  .   (helmet restricted)
rElec   .          Harm     .   (no cloak)
rCorr   .          Rampage  .   (no gloves)
Will    .....                   (boots unavailable)
Stlth   ..........              (no amulet)
HPRegen 0.11/turn               c - +4 ring of protection
MPRegen 0.12/turn               (no ring)

@: flying quickly and evasively, quick
A: beak, talons 3, nimble flight
a: no special abilities


You were on level 4 of the Dungeon.
You visited 1 branch of the dungeon, and saw 4 of its levels.

You collected 253 gold pieces.


Innate Abilities, Weirdness & Mutations

You have a beak for a mouth.
You have claws for feet.
Your magical nature lets you fly swiftly and evasively.


   Skills:
 - Level 2.0 Fighting
 + Level 6.1 Axes
 - Level 1.0 Throwing
 - Level 2.8 Armour
 - Level 2.1 Dodging
 - Level 2.0 Spellcasting
 - Level 2.4 Translocations


You had 9 spell levels left.
You didn't know any spells.
Your spell library contained the following spells:

 Spells                   Type           Power      Damage    Failure   Level
 Blink                    Tloc           14%        N/A       98%         2
 Gell's Gravitas          Tloc           7%         N/A       100%        3
 Lesser Beckoning         Tloc           7%         N/A       100%        3
 Teleport Other           Tloc           7%         N/A       100%        3
 Manifold Assault         Tloc           7%         N/A       100%        5

Inventory:

Hand Weapons
 a - a +0 flail
 Y - a +0 hand axe (weapon)
Armour
 k - a +0 chain mail (worn)
Jewellery
 c - a +4 ring of protection (left hand)
Potions
 b - a potion of attraction {unknown}
 d - a potion of degeneration {unknown}
 e - a potion of flight {unknown}
 g - 2 potions of cancellation
 h - a potion of haste {unknown}
 i - a potion of lignification {unknown}
 j - a potion of brilliance {unknown}

Dungeon Overview and Level Annotations

Branches:
Dungeon (4/15)
 Temple: D:4-7

Altars:
Trog
The Shining One

Shops:
D:2 =


Message History

There is a stone staircase leading down here.
You start resting.
HP restored.
Done exploring.
(D) Dungeon
Where to? (* - list waypoints, Enter - D:4, ? - help)
What level of the Dungeon? (default 1, ? - help)
You fly downwards.
There is a stone staircase leading up here.
An adder comes into view.
You miss the adder. Your kick misses the adder. Your peck misses the adder.
The adder bites you but does no damage. The adder bites you.
You are poisoned.
The adder poisons you!
You closely miss the adder. Your kick misses the adder.
Your peck misses the adder.
You feel sick. The adder closely misses you.
You closely miss the adder. You claw the adder.
The adder is severely wounded.
You feel sick. The adder bites you but does no damage.
You hit the adder.
You kill the adder!
You feel sick.
You start resting.
You feel sick. x2
You are no longer poisoned.
HP restored.
An ogre comes into view. It is wielding a +0 giant club.
The ogre shouts!
You slash the ogre! You peck the ogre.
The ogre is heavily wounded.
The ogre hits you with a +0 giant club!!
Ouch! That really hurt!
You hit the ogre. You claw the ogre, but do no damage.
The ogre is heavily wounded.
You hit the ogre.
The ogre is severely wounded.
The ogre hits you with a +0 giant club!!
Ouch! That really hurt!
You die...

#.............#..
#.............#..
#.............'..
#.............#..
#..#####..##..##.
########....###..##..##.
#......#................
........................
.......@................
......O##...##..........
....... #...##..........
#.##... #...#...........
# #... #...#...........
#... #...#....##.....
+... #...#....####'##
#... #...#.....#.....
#...#....<#...J.


You could see an ogre.

Vanquished Creatures
  A bullfrog (D:4)
  A scorpion (D:4)
  3 adders
  An ufetubus (D:4)
  A worm (D:3)
  2 dart slugs (D:1)
  An orc (D:3)
  7 endoplasms
  6 giant cockroaches
  8 goblins
  9 hobgoblins
  2 jackals (D:1)
  3 quokkas
  4 ball pythons
  4 bats
  5 frilled lizards
  8 kobolds
  3 rats
69 creatures vanquished.

Vanquished Creatures (others)
  2 withered plants (D:2)
2 creatures vanquished.

Grand Total: 71 creatures vanquished

Notes
Turn   | Place    | Note
-------+----------+-------------------------------------------
     0 | D:1      | qw the Tengu Warper began the quest for the Orb.
     0 | D:1      | Reached XP level 1. HP: 12/12 MP: 4/4
     0 | D:1      | 0 ||| qw: Version: 0.1-a-89-g26bdef1
     0 | D:1      | 0 ||| qw: Game counter: 3365
     0 | D:1      | 0 ||| qw: Always use a shield: true
     0 | D:1      | 0 ||| qw: God list: Okawaru
     0 | D:1      | 0 ||| qw: Allow faded altars: false
     0 | D:1      | 0 ||| qw: Do Orc after D:15 true
     0 | D:1      | 0 ||| qw: Do second Lair branch before Depths: true
     0 | D:1      | 0 ||| qw: Lair rune preference: random
     0 | D:1      | 0 ||| qw: Plans: Normal
     0 | D:1      | 0 ||| PLANNING D:1-11
   164 | D:1      | Reached skill level 3 in Axes
   164 | D:1      | Reached XP level 2. HP: 15/17 MP: 6/6
   303 | D:1      | 303 ||| Stepping ~*~*~tactically~*~*~ (stealth).
   617 | D:1      | Reached XP level 3. HP: 17/21 MP: 7/7
   919 | D:1      | Reached skill level 4 in Axes
   942 | D:1      | 942 ||| READING scroll labelled YLAF ENOINK.
   943 | D:1      | 943 ||| READING scroll labelled IZIHIN CASHUFUIGG.
   944 | D:1      | 944 ||| DRINKING 2 ruby potions.
   945 | D:1      | 945 ||| DROPPING scroll of blinking.
   946 | D:1      | 946 ||| DROPPING potion of invisibility.
   963 | D:2      | 963 ||| STAIRDANCE
  1013 | D:2      | 1013 ||| STAIRDANCE
  1056 | D:2      | Found a bloodstained altar of Trog.
  1091 | D:2      | 1091 ||| Stepping ~*~*~tactically~*~*~ (stealth).
  1095 | D:2      | 1095 ||| Stepping ~*~*~tactically~*~*~ (stealth).
  1161 | D:2      | 1161 ||| DROPPING +0 club.
  1353 | D:2      | 1353 ||| Stepping ~*~*~tactically~*~*~ (stealth).
  1452 | D:2      | Reached XP level 4. HP: 26/26 MP: 8/8
  1492 | D:2      | 1492 ||| Stepping ~*~*~tactically~*~*~ (stealth).
  1494 | D:2      | 1494 ||| Stepping ~*~*~tactically~*~*~ (stealth).
  1495 | D:2      | 1495 ||| Stepping ~*~*~tactically~*~*~ (stealth).
  1496 | D:2      | 1496 ||| Stepping ~*~*~tactically~*~*~ (stealth).
  1566 | D:2      | 1566 ||| DROPPING +0 mace.
  1590 | D:2      | HP: 2/26 [kobold/bolt of light (15)]
  1591 | D:2      | 1591 ||| DRINKING potion of heal wounds.
  1596 | D:2      | 1596 ||| Stepping ~*~*~tactically~*~*~ (stealth).
  1663 | D:2      | Found Betuz's Jewellery Shoppe.
  1670 | D:2      | 1670 ||| SHOPLISTING +4 ring of protection (396 gold, have
                  | 165).
  1670 | D:2      | 1670 ||| SHOPLISTING +6 ring of dexterity (396 gold, have
                  | 165).
  1670 | D:2      | 1670 ||| SHOPLISTING amulet of reflection (330 gold, have
                  | 165).
  1670 | D:2      | 1670 ||| SHOPLISTING amulet of the acrobat (330 gold, have
                  | 165).
  1670 | D:2      | 1670 ||| SHOPLISTING ring "Rots" {rPois rN+ SInv} (334
                  | gold, have 165).
  1670 | D:2      | 1670 ||| SHOPLISTING ring "Ziato" {Wiz rN++ Str-5 Dex+3
                  | SInv} (522 gold, have 165).
  1670 | D:2      | 1670 ||| SHOPLISTING ring of willpower (275 gold, have
                  | 165).
  1695 | D:2      | Found a faded altar of an unknown god.
  1790 | D:2      | 1790 ||| READING scroll labelled CAGOS YBBENNU.
  1791 | D:2      | 1791 ||| READING scroll labelled LAHODEETOA.
  1792 | D:2      | 1792 ||| READING scroll labelled BOKKUX UF RER.
  1793 | D:2      | 1793 ||| Stepping randomly (stuck).
  1794 | D:2      | 1794 ||| Stepping ~*~*~tactically~*~*~ (cloud).
  1801 | D:2      | HP: 6/26 [poisoned by you (poison gas)]
  2099 | D:3      | 2099 ||| STAIRDANCE
  2221 | D:3      | Reached skill level 5 in Axes
  2298 | D:3      | 2298 ||| FLEEEEING.
  2307 | D:3      | 2307 ||| STAIRDANCE
  2422 | D:3      | Found a glowing golden altar of the Shining One.
  2498 | D:3      | You fall into a shaft and drop 1 floor!
  2512 | D:4      | Noticed a bullfrog
  2519 | D:4      | HP: 6/26 [bullfrog (5)]
  2521 | D:4      | Killed a bullfrog
  2522 | D:4      | Gained mutation: Your magical nature lets you fly swiftly
                  | and evasively. [Tengu growth]
  2522 | D:4      | Reached XP level 5. HP: 7/30 MP: 9/9
  2768 | D:4      | 2768 ||| UPGRADING to +0 ring mail.
  2778 | D:4      | 2778 ||| DROPPING +0 leather armour.
  2779 | D:4      | 2779 ||| UPGRADING to +0 chain mail.
  2789 | D:4      | 2789 ||| DROPPING +0 ring mail.
  2790 | D:4      | 2790 ||| UPGRADING to +4 ring of protection.
  2791 | D:4      | 2791 ||| DRINKING 3 emerald potions.
  2918 | D:3      | Reached skill level 6 in Axes
  3077 | D:3      | 3077 ||| READING scroll labelled JIR ILA BYTZYH.
  3109 | D:4      | HP: 7/30 [poisoned by a scorpion]
  3110 | D:4      | 3110 ||| DRINKING potion of heal wounds.
  3112 | D:4      | 3112 ||| STAIRDANCE
  3239 | D:4      | Reached XP level 6. HP: 30/35 MP: 10/10
  3239 | D:4      | 3239 ||| FLEEEEING.
  3240 | D:4      | 3240 ||| FLEEEEING.
  3241 | D:4      | 3241 ||| FLEEEEING.
  3242 | D:4      | 3242 ||| FLEEEEING.
  3243 | D:4      | 3243 ||| FLEEEEING.
  3244 | D:4      | 3244 ||| FLEEEEING.
  3245 | D:4      | 3245 ||| FLEEEEING.
  3246 | D:4      | 3246 ||| FLEEEEING.
  3248 | D:4      | 3248 ||| FLEEEEING.
  3249 | D:4      | 3249 ||| FLEEEEING.
  3250 | D:4      | 3250 ||| FLEEEEING.
  3257 | D:4      | 3257 ||| STAIRDANCE
  3374 | D:4      | Demolished by an ogre

Levels and vault maps discovered:
D:1:      lightli_arrival_lavapool, layout_basic
D:2:      layout_rooms, basic_altar, serial_shops, shop_statue,
          ebering_ecumenical_altar_petrified
D:3:      layout_rooms, lemuel_round_altar
D:4:      layout_gridville

Skill      XL: |  1  2  3  4  5 |
---------------+----------------+-----
Axes           | 3 4 5 6 |  6.1
Armour         | 2 |  2.8
Fighting       | |  2.0
Throwing       | |  1.0
Dodging        | |  2.1
Spellcasting   | |  2.0
Translocations | |  2.4

Action                   |  1- 3 |  4- 6 || total
-------------------------+-------+-------++-------
Melee: Hand axe          |    96 |    93 ||   189
       Kick              |    24 |    27 ||    51
       Peck              |    10 |    15 ||    25
       Punch             |     2 |     3 ||     5
Throw: Boomerang         |     7 |       ||     7
  Use: Scroll            |     2 |     4 ||     6
       Potion            |     1 |     3 ||     4
Armor: Leather armour    |    17 |    10 ||    27
       Chain mail        |       |    22 ||    22
Dodge: Dodged            |    46 |    32 ||    78

Table legend:
 A = Non-vault XP
 B = Vault XP
 C = Vault XP percentage of total XP
 D = Non-vault monster count
 E = Vault monster count
 F = Vault count percentage of total count
                 A         B        C        D         E       F
            +---------+---------+-------+---------+---------+-------
      Total |     341 |       0 |   0.0 |      69 |       0 |   0.0
            +---------+---------+-------+---------+---------+-------
        D:1 |      54 |       0 |   0.0 |      32 |       0 |   0.0
        D:2 |      42 |       0 |   0.0 |      20 |       0 |   0.0
        D:3 |      37 |       0 |   0.0 |      11 |       0 |   0.0
        D:4 |     208 |       0 |   0.0 |       6 |       0 |   0.0
            +---------+---------+-------+---------+---------+-------
